[Event "*** Titled Tuesday Blitz"]
[Site "Chess.com"]
[Date "2019.06.04"]
[Round "3"]
[White "LuckIsMySkill"]
[Black "joppie2"]
[Result "1-0"]
[WhiteElo "2666"]
[BlackElo "2881"]
[TimeControl "180+2"]
[EndTime "13:38:12 PDT"]
[Termination "LuckIsMySkill won by resignation"]

1. Nf3 g6 2. g3 Bg7 3. Bg2 d5 4. O-O e5 5. d4 exd4 6. Nxd4 Nf6 7. b4 O-O 8. Bb2 Nbd7 9. Nd2 a5 10. a3 Nb6 11. N4b3 Na4 12. Bd4 axb4 13. axb4 Bf5 14. c4 dxc4 15. Nxc4 Be6 16. Bxb7 Rb8 17. Rxa4 Bxc4 18. Na5 Bb5 19. Nc6 Bxa4 20. Qxa4 Qd7 21. Qa7 Rbe8 22. Bc5 Qh3 23. Nd4 Ng4 24. Nf3 Rxe2 25.
Bxf8 Bxf8 26. Bc8 Bd6 27. b5 Qh5 28. b6 Bc5 29. Bxg4 Qxg4 30. Qa8+ Kg7 31. bxc7 Rc2 32.
c8=Q Bxf2+ 33. Rxf2 Rxc8 34. Qa1+ Kg8 35. Kg2 Qe4 36. Qd4 Qa8 37. Re2 Rd8 38. Qe4 Qa1 39. h3 h6 40. Qh4 Qd1 41. Rf2 Ra8 42. Qxh6 Ra1 43. g4 Qh1+ 44. Kg3 Ra3 45. Qd2 Qg1+ 46. Kh4 Qa1 47. Qd8+ Kg7 48. Ng5 Ra7 49. Qe8 f6 50.
Ne6+ Kh7 51. Nf8+ Kg7 52. Qxg6+ Kxf8 53. Rxf6+ 1-0

[Event "*** Titled Tuesday Blitz"]
[Site "Chess.com"]
[Date "2019.06.04"]
[Round "3"]
[White "Drags95"]
[Black "vovachesss"]
[Result "0-1"]
[WhiteElo "2790"]
[BlackElo "2628"]
[TimeControl "180+2"]
[EndTime "13:38:14 PDT"]
[Termination "vovachesss won by resignation"]

1. e4 e5 2. Nf3 d5 3. Nxe5 Bd6 4.
d4 dxe4 5. Nc4 Nf6 6. Nc3 O-O 7.
Bg5 Re8 8. Be2 Nc6 9. Nxd6 Qxd6 10. Nb5 Qe7 11. Bxf6 gxf6 12. Qd2 a6 13. Nc3 b5 14.
O-O-O Bb7 15. Nd5 Qd6 16. Ne3 Kh8 17. Kb1 Ne7 18. g4 Rad8 19. Qc3 Nd5 20. Qb3 Bc8 21. h4 c6 22. Nxd5 Be6 23. Qe3 Bxd5 24. h5 a5 25. Rdg1 Rg8 26. h6 Rg6 27. Rh5 a4 28.
Qg3 Be6 29. Rd1 Qxg3 30. fxg3 Bxg4 31. Bxg4 Rxg4 32. c3 Rxg3 33. Rf1 Rd6 34. Kc2 Kg8 35. Kd2 Kf8 36. Rhf5 Rg6 37. Ke3 Rxh6 38. Kxe4 Ke7 39. Kd3 Rh2 40. R1f2 Rh3+ 41. R5f3 Rh6 42. b3 a3 43. c4 Re6 44. Kc3 Rh4 45. Rd3 Ree4 46. Rfd2 bxc4 47. bxc4 c5 48. dxc5 Rxc4+ 49. Kb3 Rxc5 50.
Kxa3 h5 51. Kb3 Rb5+ 52. Kc2 Rc4+ 53. Rc3 Ra4 54. a3 h4 55. Rc7+ Kf8 56. Rdd7 Rg5 57.
Rxf7+ Kg8 58. Rxf6 h3 59. Rd6 Ra8 60. Rh6 Rxa3 61.
Kd2 Rg2+ 62. Kd1 Ra1+ 0-1

[Event "*** Titled Tuesday Blitz"]
[Site "Chess.com"]
[Date "2019.06.04"]
[Round "3"]
[White "bait_or_mate"]
[Black "Supernotar"]
[Result "0-1"]
[WhiteElo "2436"]
[BlackElo "2549"]
[TimeControl "180+2"]
[EndTime "13:38:15 PDT"]
[Termination "Supernotar won by resignation"]

1. d4 d5 2. c4 dxc4 3. Nf3 Nf6 4. e3 e6 5. Bxc4 a6 6. O-O b5 7. Bd3 Bb7 8. Re1 c5 9. a4 b4 10. Nbd2 Nbd7 11. Qe2 Be7 12. e4 cxd4 13. e5 Nd5 14. Nb3 O-O 15. Nbxd4 Nc5 16. Bc2 g6 17. Bh6 Re8 18.
Rad1 Qc7 19. Ng5 Nf4 20. Qg4 Nxg2 21. Bxg6 hxg6 22. Rc1 Qd7 23. Red1 Bd5 24. Ndf3 Qb7 25. Kxg2 Ne4 26. Nxe4 Bxe4 27. Rd4 Bf5 28. Qg3 Rad8 29. Rcd1 Rxd4 30. Rxd4 Rd8 31. Rf4 Rd3 32. Bg5 Bxg5 33. Qxg5 Be4 34. Qf6 b3 35. h4 Kf8 36. Qh8+ Ke7 37.
Qf6+ Ke8 38. Qh8+ Ke7 39. Qf6+ Kf8 40. Kg3 Bxf3 41. Rxf3 Rxf3+ 42. Qxf3 Qb8 43. Kf4 Qb4+ 44. Kg5 Qd2+ 45. Kg4 Qxb2 46. Qf6 Qd4+ 47. f4 b2 48. Qh8+ Ke7 49. Qf6+ Ke8 50. Qh8+ Kd7 51. Qf8 b1=Q 52. Qxf7+ Kc6 53. Qxe6+ Kc5 54. Qc8+ Kd5 55. Qd7+ Ke4 56. Qc6+ Ke3 57. Qf3+ Kd2 58. Qg2+ Kc3 59. Qf3+ Qbd3 60.
Qc6+ Q4c4 61. Qa8 Qf5+ 0-1

[Event "*** Titled Tuesday Blitz"]
[Site "Chess.com"]
[Date "2019.06.04"]
[Round "3"]
[White "pheonixking2000"]
[Black "Alopekos"]
[Result "0-1"]
[WhiteElo "2697"]
[BlackElo "2499"]
[TimeControl "180+2"]
[EndTime "13:38:19 PDT"]
[Termination "Alopekos won by resignation"]

1. e4 e5 2. Nf3 Nc6 3. Bc4 Nf6 4. d3 Be7 5. O-O O-O 6. Re1 d6 7. a4 h6 8. Nc3 Be6 9. h3 Qd7 10.
a5 a6 11. Bxe6 Qxe6 12. d4 exd4 13. Nxd4 Nxd4 14. Qxd4 Rfe8 15. Bf4 Rad8 16. Rad1 Bf8 17. Qb4 Qc8 18. Qc4 c6 19. Qb3 Qc7 20. Rd3 Nd7 21. Qb4 Ne5 22. Rdd1 Qc8 23. Qb3 Qc7 24. Qa4 Re6 25. Kh1 Qc8 26. Bg3 Rde8 27. Ne2 Nd7 28. f3 Nc5 29. Qc4 Nd7 30. Nd4 Rg6 31. Nf5 Ne5 32. Qb3 Qc7 33. Bh2 Qxa5 34. Qxb7 Qb5 35. Qxb5 axb5 36. Ra1 Rge6 37. Red1 g6 38.
Nd4 R6e7 39. Bxe5 dxe5 40. Nxc6 Rc7 41. Rd8 Rxd8 42. Nxd8 Rxc2 43. Ra7 Rxb2 44. Nxf7 b4 45. Nxe5 Bd6 46. f4 g5 47. Nc4 Rb1+ 48. Kh2 Bxf4+ 49. g3 Rc1 50. Nb6 Rc2+ 51. Kh1 Bxg3 52. Nd5 b3 53. Nf6+ Kf8 54. Nd7+ Ke8 55. Nf6+ Kd8 0-1

[Event "*** Titled Tuesday Blitz"]
[Site "Chess.com"]
[Date "2019.06.04"]
[Round "3"]
[White "lachesisQ"]
[Black "Niclox"]
[Result "1-0"]
[WhiteElo "3081"]
[BlackElo "2665"]
[TimeControl "180+2"]
[EndTime "13:38:20 PDT"]
[Termination "lachesisQ won on time"]

1. e4 c5 2. Nf3 d6 3. d4 cxd4 4. Nxd4 Nf6 5. Nc3 g6 6. f3 Bg7 7. Be3 O-O 8. Qd2 Nc6 9. O-O-O Nxd4 10. Bxd4 Be6 11. g4 Qa5 12. a3 Rfc8 13. g5 Nh5 14.
Bxg7 Kxg7 15. Ne2 Qxd2+ 16. Kxd2 Rc5 17. h4 Rac8 18. Nd4 Nf4 19. Ke3 Nh5 20. Rg1 Rxc2 21. Nxc2 Rxc2 22. Rg2 Rc5 23. Bd3 Bb3 24. Rdd2 h6 25.
Bc2 Be6 26. f4 hxg5 27. hxg5 Bd7 28. Bd1 Bc6 29. Rc2 Ra5 30. Rc3 e5 31. f5 Nf4 32.
f6+ Kg8 33. Rh2 d5 34. b4 d4+ 35.
Kf3 Ra6 36. b5 Rb6 37. Rc5 Rxb5 38. Rxb5 Bxb5 39. Bb3 Bc6 40. a4 Nh5 41. a5 a6 42.
Bd5 Nf4 43. Bxc6 bxc6 44. Rc2 Ne6 45. Rxc6 Nxg5+ 46. Ke2 Nxe4 47. Rxa6 d3+ 48. Ke3 d2 49. Ra8+ Kh7 50. Rd8 Nxf6 51. a6 Ng4+ 52. Kxd2 Nf2 53. a7 Ne4+ 54. Ke1 Nc5 55. a8=Q 1-0

[Event "*** Titled Tuesday Blitz"]
[Site "Chess.com"]
[Date "2019.06.04"]
[Round "3"]
[White "Taron_Shagbazyan"]
[Black "catalin009"]
[Result "1-0"]
[WhiteElo "2731"]
[BlackElo "2486"]
[TimeControl "180+2"]
[EndTime "13:38:20 PDT"]
[Termination "Taron_Shagbazyan won by resignation"]

1. d4 Nf6 2. c4 e6 3. Nc3 Bb4 4. e3 O-O 5. Bd3 c5 6. Ne2 d5 7. a3 Bxc3+ 8. Nxc3 cxd4 9. exd4 dxc4 10. Bxc4 Nbd7 11.
O-O h6 12. Bf4 a6 13. Ba2 Nb6 14. Qd3 Bd7 15. Rad1 Bc6 16. Bb1 Nbd5 17. Be5 Re8 18. Rfe1 Rc8 19. Qg3 Kh8 20. Ne4 Rg8 21. Qh3 Ba4 22.
Rc1 Qe7 23. Nd6 Rxc1 24. Rxc1 Bc6 25. Qd3 Rd8 26. Ne4 Nf4 27. Bxf6 Bxe4 28. Bxe7 Bxd3 29. Bxd3 Nxd3 30. Rc3 Rd7 31. Rxd3 Rxe7 32. Kf1 Kg8 33. Ke2 Rd7 34. f4 Kf8 35. Ke3 Ke7 36. g4 Kd6 37.
Ke4 Rc7 38. Rd2 g6 39. h4 f5+ 40. Kf3 Rc4 41. h5 gxh5 42. g5 hxg5 43. fxg5 Kd5 44. g6 Rc7 45. Kf4 Rg7 46. Kg5 h4 47. Kf6 Rg8 48.
Kf7 Rc8 49. g7 f4 50. g8=Q Rxg8 51. Kxg8 Ke4 52. Kf7 Ke3 53. Rd1 f3 54. Kxe6 Ke2 55.
Rh1 f2 56. d5 h3 57. d6 f1=Q 58. Rxf1 Kxf1 59. d7 h2 60. d8=Q h1=Q 61. Qd1+ Kg2 62. Qxh1+ Kxh1 63. Kd6 Kg2 64. Kc7 Kf3 65. Kxb7 a5 66. Ka6 a4 67. Kb5 1-0

[Event "*** Titled Tuesday Blitz"]
[Site "Chess.com"]
[Date "2019.06.04"]
[Round "3"]
[White "Philosopherrr"]
[Black "Alliswell998"]
[Result "1-0"]
[WhiteElo "2368"]
[BlackElo "2407"]
[TimeControl "180+2"]
[EndTime "13:38:21 PDT"]
[Termination "Philosopherrr won by checkmate"]

1. e4 c5 2. Nf3 d6 3. d4 cxd4 4. Nxd4 Nf6 5. Nc3 a6 6. h3 e5 7. Nde2 h5 8. Bg5 Be7 9. Bxf6 Bxf6 10. Nd5 Nc6 11. Nxf6+ Qxf6 12. Nc3 Ne7 13. Bc4 Be6 14. Bb3 O-O 15. Qxh5 Ng6 16. g3 Rac8 17. Rd1 Rfd8 18.
O-O b5 19. Rd2 b4 20. Nd5 Bxd5 21. Bxd5 Nf8 22. Rfd1 Ne6 23. Kg2 Nd4 24. Bb3 g6 25. Qg4 Kg7 26. h4 Rh8 27. h5 Rxh5 28. Rxd4 Rch8 29.
R4d2 Rh2+ 30. Kf1 d5 31. Bxd5 a5 32. c4 bxc3 33. bxc3 Qb6 34. Qf3 f6 35. c4 Qc5 36.
Ke2 Rb8 37. Rh1 Rxh1 38. Qxh1 a4 39. Qc1 a3 40. Qc3 Rb1 41. Qe3 Qb4 42. Qa7+ Kh6 43. Qe3+ Kg7 44. c5 Rb2 45. c6 Qb5+ 46. Kf3 g5 47. c7 g4+ 48. Kxg4 Qd7+ 49. Kf3 Qxc7 50. Kg2 Qc1 51. Re2 Qb1 52. Rd2 Qc1 53. Rd3 Qc2 54. Rxa3 Qc7 55. Ra7 Kg6 56. Rxc7 f5 57. Rc6+ Kh5 58. Rh6+ Kg4 59. Qf3+ Kg5 60. Qh5# 1-0

[Event "*** Titled Tuesday Blitz"]
[Site "Chess.com"]
[Date "2019.06.04"]
[Round "3"]
[White "RaphCamora"]
[Black "IakovUlivar"]
[Result "1/2-1/2"]
[WhiteElo "2454"]
[BlackElo "2485"]
[TimeControl "180+2"]
[EndTime "13:38:27 PDT"]
[Termination "Game drawn by agreement"]

1. e4 e5 2. Nf3 Nf6 3. Nxe5 d6 4. Nf3 Nxe4 5. Nc3 Nf6 6. d4 Be7 7. Bd3 O-O 8. O-O Re8 9. Ne2 Nc6 10. c3 Bg4 11.
Ng3 Bf8 12. h3 Bd7 13. b4 Ne7 14. a4 a5 15. b5 Ng6 16. c4 c6 17. Re1 Qc7 18. Bd2 d5 19. c5 b6 20. Rxe8 Rxe8 21.
cxb6 Qxb6 22. Rb1 c5 23. Be3 c4 24. Bc2 Bb4 25. Ne5 Qb8 26. Nxd7 Nxd7 27. Qf3 Nf6 28.
Nf5 Ne4 29. h4 Qb7 30. h5 Ne7 31. Qg4 Nxf5 32. Qxf5 g6 33. Qg4 Qe7 34. Rc1 Qe6 35. Qxe6 Rxe6 36. h6 f6 37. g4 g5 38. Kg2 Kf7 39. f3 Nd6 40. Kf2 Kg8 41. Bb1 Nf7 42.
Bf5 Re7 43. f4 gxf4 44. Bxf4 Nd6 45. Bxd6 Bxd6 46. Rg1 Bc7 47. g5 fxg5 48. Rxg5+ Kf8 49. Bg4 Rf7+ 50. Ke2 Re7+ 51. Kd1 Bb6 52. Rxd5 Re4 53.
Bf5 Rxd4+ 54. Rxd4 Bxd4 55. Bxh7 Be3 56. Kc2 Bxh6 57.
Kc3 Ke7 58. Kxc4 Kd6 59. Be4 Be3 60. Bf3 Bb6 1/2-1/2

[Event "*** Titled Tuesday Blitz"]
[Site "Chess.com"]
[Date "2019.06.04"]
[Round "3"]
[White "guillembaches"]
[Black "Veiso"]
[Result "0-1"]
[WhiteElo "2280"]
[BlackElo "2409"]
[TimeControl "180+2"]
[EndTime "13:38:29 PDT"]
[Termination "Veiso won on time"]

1. e4 c5 2. Nf3 d6 3. d4 cxd4 4. Qxd4 a6 5. Be2 Nc6 6. Qe3 Nf6 7. h3 g6 8. c4 Bg7 9. O-O O-O 10. Nc3 Bd7 11.
Rd1 Qc7 12. Bd2 Rac8 13. Rac1 Qb8 14. b3 Be6 15. Nd5 Bxd5 16. exd5 Na7 17. Qb6 Nd7 18.
Qb4 Qc7 19. Be3 b6 20. Nd4 Nc5 21. Bg4 f5 22. Qd2 fxg4 23. hxg4 Qd7 24. f3 b5 25. b4 Na4 26. Ne6 Rfe8 27. c5 dxc5 28. bxc5 Bh8 29. Rc2 Nc6 30. Bf4 Ne5 31. c6 Nxc6 32. Qe3 Nb4 33.
Rxc8 Rxc8 34. Be5 Nxd5 35. Bxh8 Nxe3 36. Rxd7 Kxh8 37. Rxe7 Nd5 38. Rd7 Nac3 39. Ng5 Rc7 40. Rd8+ Kg7 41. Ne6+ Kf6 42. Nxc7 Nxc7 43. Rd7 N7d5 44.
Rxh7 Nxa2 45. Ra7 Nab4 46. f4 Nxf4 47. Kf2 Nfd3+ 48. Ke3 Kg5 49. Rg7 Ne5 50. Kd4 Nxg4 51. Kc5 Nd3+ 52. Kb6 b4 53. Ka5 b3 54. Rb7 b2 55. Kxa6 Kf4 56. Ka5 Ne3 57. Rb3 Nc4+ 58.
Kb5 Nd2 0-1

[Event "*** Titled Tuesday Blitz"]
[Site "Chess.com"]
[Date "2019.06.04"]
[Round "3"]
[White "Tacticalon"]
[Black "Alexander_Moskalenko"]
[Result "1-0"]
[WhiteElo "2698"]
[BlackElo "2891"]
[TimeControl "180+2"]
[EndTime "13:38:31 PDT"]
[Termination "Tacticalon won by checkmate"]

1. Nf3 c5 2. g3 Nf6 3. Bg2 g6 4. O-O Nc6 5. d3 Bg7 6. c4 O-O 7. Nc3 d6 8. Bf4 Be6 9. Ng5 Bd7 10. Nge4 Nxe4 11. Nxe4 Rb8 12. Rb1 b5 13. b3 Qa5 14.
Qd2 Qxd2 15. Nxd2 Nd4 16. Rfe1 a5 17. Ne4 f5 18. Nc3 b4 19. Nd5 e6 20. Ne7+ Kf7 21. Bxd6 Rbe8 22. Bxc5 Rxe7 23. e3 Nc2 24. Re2 Na3 25. Rd1 Bc3 26. d4 Rc8 27. Bxe7 Kxe7 28. e4 f4 29. gxf4 Rf8 30. f5 gxf5 31. e5 f4 32. Bf3 Rf5 33. Kh1 a4 34. Be4 Rg5 35. f3 axb3 36. axb3 h6 37. Rg2 Kf7 38. h4 Rxg2 39.
Kxg2 h5 40. Kf2 Bc8 41. Ke2 Ba6 42. Kd3 Ke7 43. Rg1 Kf7 44. Bg6+ Kf8 45. Be4 Kf7 46.
Rg5 Nb1 47. Rxh5 Nd2 48. Rh7+ Ke8 49. Ra7 Bc8 50. h5 Nxb3 51. h6 Bxd4 52. Ra8 Kd7 53.
Bc6+ Kc7 54. Ba4 Bb7 55. Bxb3 Bxe5 56. Rf8 Bxf3 57. h7 Kd6 58. h8=Q Bxh8 59. Rxh8 e5 60. Re8 Bh5 61. c5+ Kd7 62. Rxe5 Bg6+ 63. Kd4 Bf7 64.
Bxf7 f3 65. Rf5 b3 66. Bxb3 f2 67. Rxf2 Kc6 68. Rf6+ Kc7 69. Bd5 Kd7 70. c6+ Ke8 71. Rf7 Kd8 72. c7+ Ke8 73. c8=Q# 1-0

[Event "*** Titled Tuesday Blitz"]
[Site "Chess.com"]
[Date "2019.06.04"]
[Round "3"]
[White "Koksik_13"]
[Black "gena217"]
[Result "0-1"]
[WhiteElo "2640"]
[BlackElo "2914"]
[TimeControl "180+2"]
[EndTime "13:38:40 PDT"]
[Termination "gena217 won on time"]

1. e4 c6 2. d4 d5 3. Nc3 a6 4. Nf3 Bg4 5. Be2 e6 6. O-O Nf6 7. Bg5 Be7 8. e5 Nfd7 9. Bxe7 Qxe7 10. Ne1 Bf5 11. Bd3 Bxd3 12. cxd3 O-O 13. f4 f6 14. Nf3 fxe5 15. fxe5 c5 16. dxc5 Qxc5+ 17. d4 Qb6 18. Qd3 Nc6 19. Kh1 h6 20. a3 Rf4 21.
Ne2 Re4 22. b4 Rc8 23. Ng3 Rxd4 24. Nxd4 Ndxe5 25. Qe2 Qxd4 26. Rae1 Re8 27. h3 Qc3 28. Kh2 Re7 29. Qh5 Kh7 30. Qh4 Ng6 31. Qg4 Nce5 32.
Qe2 Qxa3 33. h4 Qxb4 34. h5 Qh4+ 35. Kg1 Qxg3 36. hxg6+ Nxg6 37. Rf3 Qg5 38. Ref1 Rc7 39. R3f2 e5 40. Rf5 Qh4 41. Qd3 Qc4 42. Qg3 Qd4+ 43.
Kh2 Rc3 44. R1f3 Rxf3 45. Rxf3 Qh4+ 46. Qxh4 Nxh4 47. Rf7 b5 48. Ra7 d4 49. Rxa6 d3 50. Rd6 e4 51. Rd4 Nf5 52. Rd5 Ne3 53. Rd4 b4 54.
Kg3 Nf5+ 0-1

[Event "*** Titled Tuesday Blitz"]
[Site "Chess.com"]
[Date "2019.06.04"]
[Round "3"]
[White "Vuk2000"]
[Black "josmito10"]
[Result "1-0"]
[WhiteElo "2724"]
[BlackElo "2759"]
[TimeControl "180+2"]
[EndTime "13:38:42 PDT"]
[Termination "Vuk2000 won by resignation"]

1. d4 Nf6 2. Bg5 e6 3. e4 h6 4. Bxf6 Qxf6 5. c3 d5 6. Bd3 dxe4 7. Bxe4 Bd6 8. Nf3 O-O 9. O-O Rd8 10. Nbd2 c5 11. dxc5 Bxc5 12. Qb3 Na6 13. Qc4 Qe7 14. Nb3 Rb8 15. a4 Bd7 16. Ne5 Be8 17. Rfd1 Bd6 18.
Nf3 Rbc8 19. Qe2 Nc5 20. Nxc5 Bxc5 21. a5 b6 22. a6 Bd6 23. Nd4 Qc7 24. g3 Be5 25.
Nb5 Bxb5 26. Qxb5 Bf6 27. Kg2 g6 28. h4 h5 29. Rac1 Kg7 30. Rxd8 Rxd8 31. Rc2 Rd1 32. Qe2 Ra1 33. Rd2 Ra2 34. Bb7 Qc5 35. Qd3 Qe5 36. Re2 Qc5 37. Qd7 Qe7 38. Qb5 Ra5 39. Qd3 Qc7 40.
Rd2 Rc5 41. Qf3 Be7 42. Qd1 Qe5 43. Rd7 Rc7 44. Rd3 Bc5 45. Qd2 Be7 46. Rd4 b5 47. Re4 Qc5 48. Qe2 Qb6 49. Re5 b4 50. Rb5 Qd6 51. Rxb4 Qc5 52. Rd4 Bf6 53. Rd3 Qb6 54.
Rd2 Qb3 55. Qe3 Be7 56. Qe5+ Bf6 57. Qxc7 1-0

[Event "*** Titled Tuesday Blitz"]
[Site "Chess.com"]
[Date "2019.06.04"]
[Round "3"]
[White "Misha_Bilous"]
[Black "witcher8"]
[Result "0-1"]
[WhiteElo "2409"]
[BlackElo "2341"]
[TimeControl "180+2"]
[EndTime "13:38:43 PDT"]
[Termination "witcher8 won by checkmate"]

1. d4 Nf6 2. c4 g6 3. f3 Bg7 4. e4 d6 5. Nc3 O-O 6. Be3 Nc6 7. Nge2 a6 8. Qd2 Rb8 9. h4 h5 10. O-O-O b5 11. Bh6 Bxh6 12. Qxh6 e5 13. dxe5 Nxe5 14. cxb5 axb5 15. Nd4 b4 16. Nd5 Nxd5 17. exd5 Qf6 18. Qg5 Qxg5+ 19. hxg5 Bb7 20. Nb5 Ba6 21. Nd4 Bb7 22. Nb3 Rfe8 23. Kb1 Ba8 24. Rh4 Nd7 25. Rhd4 Nb6 26. R4d2 Nxd5 27. Rc1 Ne3 28. Bd3 c5 29. Be2 Rbd8 30. g4 hxg4 31. fxg4 Re5 32. Bb5 Rxg5 33. Nxc5 Rxg4 34. Nb3 Rg2 35. Rd3 Be4 36. Ka1 Bxd3 37. Bxd3 d5 38. Nd4 Rg4 39. Nc6 Re8 40. Bb5 Ree4 41. a3 bxa3 42. bxa3 Nc4 43. Nb4 Nxa3 44. Nxd5 Nxb5 45. Nf6+ Kg7 46. Nxg4 Rxg4 47.
Rc5 Rb4 48. Ka2 f6 49. Rc6 g5 50. Rb6 g4 51. Rb8 f5 52. Rb6 g3 53. Rb8 g2 54.
Rb7+ Kf6 55. Rb8 Rg4 56. Rb6+ Kg5 57. Rb8 Nc3+ 58. Ka3 g1=Q 59. Rb1 Nxb1+ 60. Ka2 Qb6 61. Ka1 Ra4# 0-1

[Event "*** Titled Tuesday Blitz"]
[Site "Chess.com"]
[Date "2019.06.04"]
[Round "3"]
[White "CookiesAndIceCream"]
[Black "saraswathii"]
[Result "0-1"]
[WhiteElo "2387"]
[BlackElo "2302"]
[TimeControl "180+2"]
[EndTime "13:38:43 PDT"]
[Termination "saraswathii won by resignation"]

1. e4 c5 2. Nf3 e6 3. d4 cxd4 4. Nxd4 Nf6 5. Nc3 Nc6 6. Ndb5 Bb4 7. Bf4 d5 8. Nc7+ Ke7 9. Nxa8 d4 10. Qf3 dxc3 11.
bxc3 Bd6 12. Bxd6+ Qxd6 13. Rd1 Qe5 14. Qg3 Bd7 15.
Nc7 Qxg3 16. hxg3 a6 17. f3 Rc8 18. Nxa6 bxa6 19. Bxa6 Ra8 20. Bb5 Rxa2 21. Kd2 Na5 22. Bxd7 Kxd7 23. Rb1 Kc7 24. Rb4 h6 25. Rhb1 Nd7 26.
f4 Nc5 27. e5 Nc6 28. Rc4 Ra5 29.
Ke3 Ne7 30. Kd2 f6 31. Re1 f5 32. Rb1 Nc6 33. Re1 Ne4+ 34. Rexe4 fxe4 35. Rxe4 Ra1 36. Ke2 Rc1 37. Kd2 Rg1 38. Re2 Ne7 39. Ke3 Nf5+ 40. Kf3 Rf1+ 41. Kg4 Rc1 42. Rd2 g6 43. Kf3 Rf1+ 44. Kg4 Re1 45. Kh3 Re3 46. Kh2 Rxg3 47.
Rd6 Rg4 48. Rxe6 Ne3 49. g3 Nxc2 50. Kh3 h5 51. c4 Ne3 52. Ra6 Nf1 53. Kg2 Nxg3 54.
Kf3 Nf1 55. c5 Nd2+ 56. Ke3 Nb3 57. c6 Nc5 58. Ra8 Ne6 59. Rg8 Nxf4 60. Ke4 Kxc6 61. e6 Nxe6+ 62. Ke5 Nc5 63. Rc8+ Kb5 64. Rb8+ Kc4 65.
Rc8 h4 66. Kd6 Rd4+ 67. Ke5 Rd5+ 68. Kf6 h3 69. Rh8 Rh5 70. Ra8 h2 71. Ra1 h1=Q 0-1

[Event "*** Titled Tuesday Blitz"]
[Site "Chess.com"]
[Date "2019.06.04"]
[Round "3"]
[White "VladDobrov"]
[Black "GMsKoRPioN"]
[Result "1-0"]
[WhiteElo "2832"]
[BlackElo "2549"]
[TimeControl "180+2"]
[EndTime "13:38:45 PDT"]
[Termination "VladDobrov won by resignation"]

1. d4 d6 2. Nf3 g6 3. e4 Bg7 4.
c3 Nf6 5. Bd3 O-O 6. O-O Nc6 7.
Re1 e5 8. Nbd2 Bg4 9. h3 Bxf3 10. Nxf3 Nh5 11. Bg5 Bf6 12. Be3 Re8 13. Qb3 Qc8 14.
Rad1 a6 15. a3 Kg7 16. Qc2 Nf4 17. Bf1 g5 18. dxe5 dxe5 19. Nd2 Ne7 20. Nc4 Neg6 21. Kh2 g4 22. Bxf4 Nxf4 23. Ne3 gxh3 24. Nf5+ Kh8 25.
g3 Ng6 26. Bxh3 Qb8 27. Qb3 Rf8 28. Rd7 Qe8 29. Rxc7 Rd8 30. Rd1 Rxd1 31. Qxd1 Qb5 32.
Qd2 Qa4 33. Rxb7 Qxe4 34. Nd6 Qf3 35. Nxf7+ Kg8 36. Nh6+ Kh8 37. Rd7 Bg7 38. Ng4 e4 39. Qe3 Qf5 40. Rd2 Qf7 41. Kg1 h5 42. Nh2 Ne5 43. Bg2 Ng4 44. Nxg4 hxg4 45. Bxe4 Qh5 46. Rd5 Qh6 47. Qxh6+ Bxh6 48. Bf5 Bc1 49. b4 Bxa3 50. Bxg4 Bb2 51. Rc5 Bc1 52. Kg2 Rf6 53. Bf5 Bd2 54. g4 Kg7 55. Kf3 Rd6 56. Ke4 Be1 57. f4 Rd2 58. Rc7+ Kf8 59. g5 Re2+ 60. Kf3 Rf2+ 61.
Ke3 Ra2 62. Be6 Bd2+ 63. Ke4 Bc1 64. Bxa2 1-0

[Event "*** Titled Tuesday Blitz"]
[Site "Chess.com"]
[Date "2019.06.04"]
[Round "3"]
[White "albano87"]
[Black "Ruchess27"]
[Result "0-1"]
[WhiteElo "2172"]
[BlackElo "2263"]
[TimeControl "180+2"]
[EndTime "13:38:52 PDT"]
[Termination "Ruchess27 won by checkmate"]

1. e4 e5 2. Nf3 Nc6 3. Bc4 Nf6 4. d3 Be7 5. O-O O-O 6. c3 d6 7. h3 h6 8. Re1 Na5 9. Bb5 a6 10. Ba4 b5 11. Bc2 c5 12. Be3 Qc7 13. Nbd2 Bb7 14. Nf1 Rfe8 15. Ng3 Rad8 16. Nf5 Bf8 17. N3h4 d5 18.
Qf3 dxe4 19. dxe4 Nc4 20. Nxh6+ gxh6 21. Qxf6 Rd6 22. Qf3 Qd8 23. Nf5 Rg6 24. Rad1 Qf6 25. b3 Nxe3 26. fxe3 Kh8 27. Rf1 Rg5 28. Rd7 Bc8 29. Rd2 Qg6 30. Nh4 Qb6 31. Qxf7 Qe6 32. Qxe6 Bxe6 33. Nf5 c4 34. Rdf2 cxb3 35. axb3 Rc8 36.
c4 bxc4 37. bxc4 Bxc4 38. Rb1 Bc5 39. Nxh6 Bxe3 40. Bb3 Bxf2+ 41. Kxf2 Bxb3 42. Rxb3 Rc2+ 43. Kf3 Rgxg2 44. Nf5 Rgf2+ 45. Kg3 Rg2+ 46. Kh4 Rc7 47. Kh5 Rh7+ 48. Nh6 Rc7 49. Rb8+ Kh7 50. Ng4 Rg3 51. h4 Rc1 52. Rb7+ Kg8 53. Nxe5 Rc5 54. Rb8+ Kh7 55. Rb7+ Rg7 56. Rb8 Rxe5# 0-1

[Event "*** Titled Tuesday Blitz"]
[Site "Chess.com"]
[Date "2019.06.04"]
[Round "3"]
[White "sergeikim"]
[Black "Spring199"]
[Result "1-0"]
[WhiteElo "2407"]
[BlackElo "2213"]
[TimeControl "180+2"]
[EndTime "13:38:54 PDT"]
[Termination "sergeikim won by resignation"]

1. d4 Nf6 2. c4 e6 3. Nc3 Bb4 4. Qc2 d5 5. a3 Bxc3+ 6. Qxc3 O-O 7.
Nf3 dxc4 8. Qxc4 b6 9. Bf4 Nd5 10. Bg5 f6 11. Bd2 Ba6 12. Qa4 Bb7 13. Qb3 Qd7 14. e4 Ne7 15. Bc4 Bc8 16. O-O Kh8 17. Rad1 Nbc6 18. Bc3 a6 19. a4 Nd8 20. Bb4 Bb7 21. Rfe1 Re8 22. d5 exd5 23. exd5 Nf7 24. Nd4 Nxd5 25. Ba3 Rxe1+ 26. Rxe1 Ne5 27. Bf1 Nf4 28.
Rd1 Qg4 29. f3 Qg5 30. Ne6 Nxe6 31. Qxe6 Nxf3+ 32. Kh1 Qh5 33. h3 Ng5 34. Qg4 Qxh3+ 35. Qxh3 Nxh3 36. Rd7 Ng5 37. Rxc7 Be4 38. Bxa6 h5 39.
Bb5 Rd8 40. Bb4 Rd1+ 41. Kh2 Rb1 42. Bc3 Kh7 43. Re7 Rd1 44. Bxf6 Rd2 45. Rxg7+ Kh6 46. Rxg5 h4 47. Rg4 h3 48. Rxe4 Rxg2+ 49. Kxh3 Rg6 50. Bc3 Rd6 51. Rf4 Rd1 52. Rf6+ Kg5 53. Rxb6 Kf4 54. Kg2 Rd8 55. Kf2 Rg8 56. Rf6+ Kg5 57. Rf3 Rd8 58. Bf6+ 1-0

[Event "*** Titled Tuesday Blitz"]
[Site "Chess.com"]
[Date "2019.06.04"]
[Round "3"]
[White "savinspm"]
[Black "quesfr"]
[Result "1-0"]
[WhiteElo "2087"]
[BlackElo "2169"]
[TimeControl "180+2"]
[EndTime "13:38:56 PDT"]
[Termination "savinspm won by resignation"]

1. e4 e5 2. Nf3 Nc6 3. Bb5 a6 4. Bxc6 dxc6 5. d4 exd4 6. Qxd4 Bg4 7. Nbd2 Qxd4 8. Nxd4 O-O-O 9. Ne2 Bc5 10. f3 Be6 11. Nf4 Ne7 12. Nxe6 fxe6 13. Nb3 Bb6 14. Ke2 Ng6 15.
Be3 Ne5 16. Nd2 Ba5 17. c3 Rd7 18. Bd4 Ng6 19. Nc4 e5 20. Nxe5 Nxe5 21. Bxe5 Bb6 22. Rad1 Re7 23. Bf4 Rf8 24. Be3 Bxe3 25. Kxe3 g5 26. h3 h5 27. Rd3 Rg8 28. Rhd1 b6 29. g3 Rge8 30. Rd4 c5 31. Ra4 Kb7 32. Rd5 Rg8 33.
e5 Kc6 34. c4 a5 35. Ra3 Rge8 36. f4 gxf4+ 37. gxf4 Rg7 38. Kf2 Rf8 39. Rf3 Rgf7 40. Ke3 Rg7 41. e6 Rg1 42. f5 Rb1 43. Rf2 Re1+ 44.
Re2 Rf1 45. e7 Re8 46. Kd2 b5 47. Rd8 Rxe7 48. cxb5+ Kxb5 49. Rxe7 Rxf5 50. Rd3 c4 51. Rde3 Kb4 52. Rxc7 h4 53. Rb7+ Ka4 54. Kc3 Rf3 55. Re7 Rf2 56. Re2 Rf3+ 57. R7e3 Rf7 58. Kxc4 Rf4+ 59. Kc3 Rc4+ 60. Kd2 Rc7 61. Re4+ Kb5 62. Rxh4 Rd7+ 63. Kc3 Rc7+ 64. Kd3 Rc1 65. Rc2 Rd1+ 66. Kc3 Rd5 67. a4+ Kc5 68. Kb3+ Kb6 69. Rh6+ Kb7 70. h4 Rd4 71. h5 Rb4+ 72. Ka3 Ka7 73. Rg2 1-0

[Event "*** Titled Tuesday Blitz"]
[Site "Chess.com"]
[Date "2019.06.04"]
[Round "3"]
[White "velemajstor767276"]
[Black "Ginger_GM"]
[Result "1-0"]
[WhiteElo "2526"]
[BlackElo "2545"]
[TimeControl "180+2"]
[EndTime "13:39:08 PDT"]
[Termination "velemajstor767276 won by resignation"]

1. d4 e6 2. c4 f5 3. Nc3 Nf6 4. Bg5 Be7 5. h4 Ne4 6. Bxe7 Qxe7 7. Qc2 O-O 8. O-O-O Nxf2 9. Rh2 Nxd1 10. Qxd1 b6 11.
e3 Bb7 12. Nf3 d6 13. Bd3 e5 14. Bc2 Nd7 15. Rh1 Rae8 16. d5 a5 17. Ng5 Nc5 18.
Qh5 g6 19. Qe2 h6 20. Nf3 c6 21. g4 fxg4 22. Nd2 Qg7 23. Qxg4 cxd5 24. cxd5 Bc8 25. Qg3 Bf5 26. Rg1 Bxc2 27. Kxc2 Kh7 28. a3 a4 29.
Nde4 Nxe4 30. Nxe4 Rd8 31. Kb1 Qf7 32. Qg2 Rg8 33.
Rf1 Qe7 34. Nf6+ Kh8 35. Nxg8 Rxg8 36. Qe4 Rg7 37. Qxa4 Rf7 38. Rxf7 Qxf7 39. Qa8+ Kg7 40. Qc6 Qe7 41. Qxb6 g5 42. hxg5 hxg5 43. a4 g4 44. a5 g3 45. a6 g2 46. a7 g1=Q+ 47. Ka2 Qe8 48. Qb7+ Kf6 49. a8=Q Qxa8+ 50. Qxa8 Qxe3 51. Qf8+ Kg5 52. Qxd6 Qa7+ 53. Kb3 Qe3+ 54. Ka4 Qd4+ 55. b4 e4 56. Qe7+ Kf5 57. Qe6+ Kf4 58. d6 e3 59. d7 Qa7+ 60. Kb3 Qc7 61. Qe8 e2 62. d8=Q Qxd8 63. Qxd8 e1=Q 64. Qd4+ Kf5 65. b5 Qb1+ 66. Kc4 Qa2+ 67. Kc5 Qa3+ 68. Kc6 Qa8+ 69. Kc7 Qe8 70. b6 Qa4 71. Qxa4 1-0